[Event "*** Titled Tuesday Blitz"]
[Site "Chess.com"]
[Date "2019.06.04"]
[Round "1"]
[White "SARGISMV"]
[Black "Korchmar_Vasiliy"]
[Result "0-1"]
[WhiteElo "2419"]
[BlackElo "2785"]
[TimeControl "180+2"]
[EndTime "13:07:57 PDT"]
[Termination "Korchmar_Vasiliy won by resignation"]

1. d4 d5 2. Nf3 Nf6 3. c4 e6 4. Nc3 dxc4 5. e4 b5 6. e5 Nd5 7.
Nxb5 Nb6 8. h4 Bb7 9. Rh3 Nc6 10. Be2 Nb4 11. Bg5 Be7 12. Rg3 Be4 13. Kf1 O-O 14. Bh6 Bg6 15. h5 gxh6 16. hxg6 hxg6 17. a3 N4d5 18. Qc2 Kg7 19. Bxc4 Nxc4 20. Qxc4 Rb8 21. b4 a5 22. bxa5 c6 23. Qxc6 Qxa5 24. Nd6 Bxd6 25. Qxd6 Rb2 26. Kg1 Nc3 27. Rh3 Ne2+ 28. Kf1 Nf4 29.
Rh4 Qb5+ 30. Kg1 Qe2 31. Rf1 Nd3 32. Qe7 Nxf2 33. Qf6+ Kg8 34. Rh2 Ng4 35. Qh4 Nxh2 36. Qxh2 Qe3+ 37. Kh1 Rfb8 38. Nh4 Rb1 39. Qg1 Qxg1+ 40.
Kxg1 Rxf1+ 41. Kxf1 Ra8 42. Nf3 Rxa3 43. Kf2 Kf8 44. Kg3 Ke7 45. Kf4 Kd7 46. g4 Kc6 47. Ke4 Rxf3 48. Kxf3 Kd5 49. Ke3 h5 50. gxh5 gxh5 51.
Kf4 Kxd4 52. Kg5 Kxe5 0-1

[Event "*** Titled Tuesday Blitz"]
[Site "Chess.com"]
[Date "2019.06.04"]
[Round "1"]
[White "fidezivkovic"]
[Black "Didici"]
[Result "0-1"]
[WhiteElo "2231"]
[BlackElo "2600"]
[TimeControl "180+2"]
[EndTime "13:07:57 PDT"]
[Termination "Didici won on time"]

1. e4 e5 2. Nf3 Nc6 3. d4 exd4 4. Bc4 Nf6 5. e5 Ne4 6. Bd5 Nc5 7. O-O Ne6 8. Nbd2 Bc5 9. Nb3 Bb6 10. Re1 O-O 11.
a4 a5 12. h3 Nb4 13. Bxe6 dxe6 14. Nbxd4 c5 15. c3 cxd4 16. cxb4 axb4 17. Qd3 Qd5 18. Ng5 g6 19. Qg3 Bd8 20. Ne4 f5 21.
exf6 Bxf6 22. Nxf6+ Rxf6 23. Bf4 Bd7 24. Be5 Rf5 25.
Rad1 Bxa4 26. Rxd4 Qc5 27. Rg4 Be8 28. Bd4 Qd5 29. Qc7 Qd7 30. Qg3 Raa5 31. b3 Rad5 32. Ba1 Rd3 0-1

[Event "*** Titled Tuesday Blitz"]
[Site "Chess.com"]
[Date "2019.06.04"]
[Round "1"]
[White "ftorodent"]
[Black "Shivagami"]
[Result "1-0"]
[WhiteElo "2532"]
[BlackElo "2080"]
[TimeControl "180+2"]
[EndTime "13:08:00 PDT"]
[Termination "ftorodent won by resignation"]

1. d4 d5 2. c4 c6 3. cxd5 cxd5 4. Bf4 Nc6 5. e3 Nf6 6. Nc3 Bf5 7. Qb3 Na5 8. Qa4+ Bd7 9. Qc2 e6 10. Bd3 Rc8 11. Nf3 Bb4 12. O-O Nc4 13. Rfc1 O-O 14. Qe2 Qb6 15. Ne5 Nxb2 16. Nxd5 exd5 17. Qxb2 Be6 18. a3 Ba5 19. Qxb6 Bxb6 20. Kf1 Rxc1+ 21. Rxc1 Rc8 22. Rxc8+ Bxc8 23. h3 h6 24. Ke2 Kf8 25. f3 Ke7 26. g4 Ne8 27. Bc2 Nd6 28. Bb3 Be6 29. Kd3 f6 30. Ng6+ Kf7 31. Nh8+ Kg8 32. Bxd6 Kxh8 33. Bc5 Kg8 34. Bxb6 axb6 35. Kc3 Kf7 36.
Kb4 Kg6 37. Kb5 Kg5 38. Kxb6 Kh4 39. Kxb7 Kxh3 40. a4 f5 41. a5 1-0

[Event "*** Titled Tuesday Blitz"]
[Site "Chess.com"]
[Date "2019.06.04"]
[Round "1"]
[White "ruvat"]
[Black "KNVB"]
[Result "0-1"]
[WhiteElo "2353"]
[BlackElo "2693"]
[TimeControl "180+2"]
[EndTime "13:08:02 PDT"]
[Termination "KNVB won by resignation"]

1. d4 Nf6 2. c4 e6 3. g3 c5 4. d5 exd5 5. cxd5 d6 6. Nc3 g6 7. Bg2 Bg7 8. Nf3 O-O 9. O-O Nbd7 10. a4 a6 11. Bf4 Qe7 12. h3 Nh5 13. Bg5 f6 14. Bd2 f5 15. Ng5 f4 16. Nce4 Ne5 17.
g4 Nf6 18. Nxf6+ Qxf6 19. Ne6 Bxe6 20. dxe6 Rab8 21. Bc3 Qe7 22. Bd5 b5 23. axb5 axb5 24. Qd2 b4 25. Bxe5 Bxe5 26. Ra6 Kh8 27. Rfa1 Qh4 28.
Kg2 Rbe8 29. Ra7 Re7 30. Ra8 Rxa8 31. Rxa8+ Kg7 32. b3 h5 33. Bf3 Rxe6 34. Ra7+ Re7 35. Rxe7+ Qxe7 36. gxh5 gxh5 37. Bxh5 c4 38. bxc4 b3 39.
Bg4 b2 40. Qc2 Qb7+ 0-1

[Event "*** Titled Tuesday Blitz"]
[Site "Chess.com"]
[Date "2019.06.04"]
[Round "1"]
[White "Krupko_Alexey"]
[Black "Niclox"]
[Result "0-1"]
[WhiteElo "2303"]
[BlackElo "2652"]
[TimeControl "180+2"]
[EndTime "13:08:03 PDT"]
[Termination "Niclox won by resignation"]

1. e4 c5 2. Nf3 d6 3. d4 cxd4 4. Nxd4 Nf6 5. Nc3 g6 6. Be3 Bg7 7. f3 O-O 8. Qd2 Nc6 9. O-O-O Nxd4 10. Bxd4 Be6 11. Kb1 Qc7 12. g4 Rfc8 13. h4 Qa5 14. a3 Rab8 15. h5 a6 16. hxg6 fxg6 17. Qe3 Bf7 18.
e5 dxe5 19. Bb6 Rxc3 20. bxc3 Qxa3 21. c4 Qxe3 22. Bxe3 e4 23. g5 Nh5 24. fxe4 Rc8 25.
c5 Ng3 26. Rh4 Nxf1 27. Rxf1 a5 28. Rfh1 a4 29. Rxh7 a3 30. Rxg7+ Kxg7 31. Bd4+ Kf8 32. Rh8+ Bg8 33. c4 Rd8 34. Bc3 Rd3 35. Kc2 Rg3 36. Bd2 Rg2 37. Kc3 a2 38. Rh1 Bxc4 39. Kxc4 Rxd2 40.
Rf1+ Ke8 41. Kb5 Rb2+ 42. Kc4 Rb1 0-1

[Event "*** Titled Tuesday Blitz"]
[Site "Chess.com"]
[Date "2019.06.04"]
[Round "1"]
[White "lachesisQ"]
[Black "Yashasd1995"]
[Result "1-0"]
[WhiteElo "3079"]
[BlackElo "2502"]
[TimeControl "180+2"]
[EndTime "13:08:04 PDT"]
[Termination "lachesisQ won by resignation"]

1. e4 d5 2. exd5 Nf6 3. Nf3 Nxd5 4. c4 Nb6 5. d4 g6 6. Nc3 Bg7 7. c5 N6d7 8. Bc4 O-O 9. O-O b6 10. Re1 Nf6 11. Ne5 Bb7 12. Qb3 e6 13. Bg5 Nc6 14. Rad1 Na5 15. Qc2 Nxc4 16. Nxc4 h6 17. Bh4 g5 18. Bg3 Nd5 19. Be5 Nf4 20. f3 Ng6 21. Bxg7 Kxg7 22. b4 Qf6 23. b5 Bd5 24. Ne5 Rfe8 25. Ng4 Qd8 26. Ne3 c6 27. Ncxd5 cxd5 28. c6 Rc8 29. a4 Nf4 30. g3 Nh5 31. Ng4 Nf6 32. Ne5 Qd6 33. Kg2 a6 34. h4 Rg8 35.
hxg5 hxg5 36. Rh1 Rh8 37. g4 a5 38. Qd2 Nh7 39. Rxh7+ Rxh7 40. Qxg5+ Kf8 41. Nd7+ 1-0

[Event "*** Titled Tuesday Blitz"]
[Site "Chess.com"]
[Date "2019.06.04"]
[Round "1"]
[White "Doraemon7"]
[Black "Kawhi_Leonard2"]
[Result "0-1"]
[WhiteElo "2562"]
[BlackElo "2237"]
[TimeControl "180+2"]
[EndTime "13:08:05 PDT"]
[Termination "Kawhi_Leonard2 won by resignation"]

1. d4 Nf6 2. c4 c5 3. d5 e6 4. Nc3 exd5 5. cxd5 d6 6. g3 g6 7. Bg2 Bg7 8. Nf3 O-O 9. O-O a6 10. a4 Nbd7 11. Bf4 Qe7 12. Nd2 Ng4 13. Nc4 Nge5 14.
Na3 Rb8 15. Qc1 f5 16. Re1 Nf6 17. Bh6 Bd7 18. a5 b5 19. axb6 Rxb6 20. Bf4 Bb5 21. Qc2 Nf7 22. b3 Re8 23. Nc4 Bxc4 24. bxc4 Ne4 25.
Nxe4 Bxa1 26. Nxc5 Rb2 27. Qa4 dxc5 28. Rxa1 Rxe2 29. d6 Nxd6 30. Bd5+ Kg7 31. Qxa6 Ne4 32. Rf1 Nc3 33. Qa1 Qf6 34. Rc1 Nxd5 35. Qa7+ R8e7 36.
Qxc5 Nxf4 37. gxf4 Re1+ 38. Rxe1 Rxe1+ 39. Kg2 0-1

[Event "*** Titled Tuesday Blitz"]
[Site "Chess.com"]
[Date "2019.06.04"]
[Round "1"]
[White "bascheyaro"]
[Black "Mostii"]
[Result "1/2-1/2"]
[WhiteElo "2816"]
[BlackElo "2447"]
[TimeControl "180+2"]
[EndTime "13:08:08 PDT"]
[Termination "Game drawn by repetition"]

1. d4 e6 2. Nf3 Nf6 3. c4 b6 4.
Nc3 Bb7 5. Bg5 Be7 6. e3 Ne4 7. Bxe7 Qxe7 8. Qc2 Nxc3 9. Qxc3 O-O 10. Bd3 d5 11.
O-O dxc4 12. Bxc4 Bxf3 13. gxf3 c5 14. dxc5 Qxc5 15. b4 Qh5 16. Be2 Nd7 17. Kh1 Rfc8 18. Qd4 Nf6 19. Rg1 Kh8 20. Rxg7 Kxg7 21. Rg1+ Kf8 22. Qxf6 Qf5 23. Qh4 Rc2 24. e4 Qe5 25. Bf1 Rac8 26. a4 Qd4 27. Qxh7 Qxf2 28. Qh6+ Ke7 29. Qg5+ Kd7 30. Bb5+ Kc7 31. Qf4+ Kb7 32. Bf1 Rc1 33. Ba6+ Kxa6 34. Rxc1 Rxc1+ 35. Qxc1 Qxf3+ 36. Kg1 Qg4+ 37. Kf2 Qh4+ 38. Kf1 Qh3+ 39. Ke1 Qh4+ 40. Kf1 Qh3+ 41. Kg1 Qg4+ 42. Kf2 Qh4+ 43. Kf3 Qh5+ 44. Kg3 Qg6+ 45. Kh4 Qxe4+ 46. Kg3 Qg6+ 47. Kf3 Qf5+ 48.
Kg3 Qg6+ 49. Kf3 Qh5+ 50. Kg3 Qg6+ 1/2-1/2

[Event "*** Titled Tuesday Blitz"]
[Site "Chess.com"]
[Date "2019.06.04"]
[Round "1"]
[White "vovachesss"]
[Black "TristanCalistri"]
[Result "1-0"]
[WhiteElo "2603"]
[BlackElo "2237"]
[TimeControl "180+2"]
[EndTime "13:08:11 PDT"]
[Termination "vovachesss won by checkmate"]

1. e4 e5 2. Nf3 d6 3. d4 exd4 4. c3 Nf6 5. Bc4 Be7 6. e5 dxe5 7.
Nxe5 O-O 8. Qb3 Qe8 9. O-O Nc6 10. Nxc6 Qxc6 11. cxd4 Bf5 12. Nc3 Rad8 13. Be3 Ng4 14. Nd5 Bd6 15. h3 Nxe3 16. fxe3 Be4 17. Nc3 Bg6 18.
e4 Qb6 19. Qxb6 axb6 20. e5 Be7 21. Nd5 Rd7 22. Rad1 Bd8 23. Nf4 Re7 24. e6 c6 25.
Nxg6 fxg6 26. Rf7 Rfxf7 27. exf7+ Kf8 28. d5 Rd7 29. Kf2 Rxf7+ 30. Ke2 Re7+ 31. Kd3 Rd7 32. Ke4 cxd5+ 33. Bxd5 Bf6 34. b3 b5 35. Rc1 b4 36.
Rc5 Bc3 37. Rb5 Ke7 38. Bxb7 Kf6 39. Bd5 Re7+ 40. Kf4 Re2 41. Rb7 Rxa2 42. Rf7# 1-0

[Event "*** Titled Tuesday Blitz"]
[Site "Chess.com"]
[Date "2019.06.04"]
[Round "1"]
[White "WPWPWP-2015"]
[Black "GM_dmitrij"]
[Result "0-1"]
[WhiteElo "2434"]
[BlackElo "2820"]
[TimeControl "180+2"]
[EndTime "13:08:16 PDT"]
[Termination "GM_dmitrij won by resignation"]

1. e4 e5 2. Nf3 Nc6 3. Bb5 a6 4. Ba4 Nf6 5. O-O Be7 6. Re1 b5 7. Bb3 d6 8. c3 O-O 9. d4 Bg4 10. a4 exd4 11. cxd4 Bxf3 12. gxf3 Na5 13. Bc2 c5 14. d5 Nd7 15. f4 c4 16. Nc3 b4 17.
Ne2 Nc5 18. Nd4 Bf6 19. e5 dxe5 20. fxe5 Bg5 21. Qh5 h6 22. Bxg5 Qxg5+ 23. Qxg5 hxg5 24. e6 b3 25. exf7+ Rxf7 26. Bf5 Raf8 27. Re5 c3 28.
Be6 Nxe6 29. Nxe6 cxb2 30. Rb1 Rc8 31. d6 Rc1+ 32. Re1 Rxe1+ 33. Rxe1 Nc4 34. Nc5 Nd2 35.
d7 Rxd7 36. Nxd7 Nf3+ 37. Kf1 Nxe1 0-1

[Event "*** Titled Tuesday Blitz"]
[Site "Chess.com"]
[Date "2019.06.04"]
[Round "1"]
[White "JoachimMouhamad"]
[Black "maciek_92"]
[Result "0-1"]
[WhiteElo "2338"]
[BlackElo "2679"]
[TimeControl "180+2"]
[EndTime "13:08:17 PDT"]
[Termination "maciek_92 won by resignation"]

1. e4 c5 2. Nf3 Nc6 3. d4 cxd4 4. Nxd4 Nf6 5. Nc3 e5 6. Ndb5 d6 7. Bg5 a6 8. Na3 b5 9. Nd5 Be7 10. Bxf6 Bxf6 11. c3 Bg5 12. Nc2 Ne7 13. Ncb4 O-O 14. a4 bxa4 15. Rxa4 a5 16. Nxe7+ Qxe7 17. Nd5 Qb7 18.
b3 Bd7 19. Ra2 Kh8 20. Bc4 f5 21. exf5 Bxf5 22. O-O Bd7 23. Qe2 Bc6 24. Rd1 Bd8 25.
f3 Rb8 26. Kh1 Qc8 27. Qe4 Rf4 28. Qe2 Rh4 29. g3 Rh6 30. Rad2 Qh3 31. Qg2 Qf5 32. g4 Qf8 33. Ra2 Rb7 34. Rf2 Rf7 35. Qf1 Bh4 36.
Kg2 Bxf2 37. Qxf2 Rxf3 38. Qxf3 Rxh2+ 39. Kxh2 Qxf3 40. Rf1 Qxf1 41. Bxf1 Bxd5 42. b4 a4 43. b5 a3 44. b6 a2 45. Bc4 a1=Q 46. Bxd5 Qb2+ 0-1

[Event "*** Titled Tuesday Blitz"]
[Site "Chess.com"]
[Date "2019.06.04"]
[Round "1"]
[White "chessmattersX"]
[Black "Genghis_K"]
[Result "1/2-1/2"]
[WhiteElo "2458"]
[BlackElo "2853"]
[TimeControl "180+2"]
[EndTime "13:08:18 PDT"]
[Termination "Game drawn by repetition"]

1. d4 Nf6 2. c4 g6 3. g3 Bg7 4.
Bg2 O-O 5. Nc3 d6 6. Nf3 Nc6 7. O-O a6 8. b3 Rb8 9. Bb2 b5 10. cxb5 axb5 11. Rc1 b4 12. Na4 Bd7 13. d5 Na5 14. Nd4 e5 15. dxe6 fxe6 16. Nc6 Nxc6 17. Bxc6 Rf7 18. Qd3 e5 19. Bxd7 Qxd7 20. Kg2 Rbf8 21.
f3 e4 22. Qd2 Qe6 23. f4 c5 24.
e3 h5 25. Rfd1 h4 26. Bxf6 Rxf6 27. Qd5 h3+ 28. Kf2 R8f7 29. Qxe6 Rxe6 30. Rd5 Rf5 31. Nb6 Rxd5 32. Nxd5 Kf7 33. g4 Re8 34. Kg3 Ra8 35. Rc2 Ra7 36. f5 gxf5 37. gxf5 Be5+ 38. Kxh3 Kf8 39.
f6 Kf7 40. Kg4 Ke6 41. Nf4+ Kxf6 42. Nd5+ Ke6 43. Nf4+ Kf6 44. Nd5+ Kg6 45. Nf4+ Kf6 1/2-1/2

[Event "*** Titled Tuesday Blitz"]
[Site "Chess.com"]
[Date "2019.06.04"]
[Round "1"]
[White "PulpanJ"]
[Black "pedroholly22"]
[Result "1-0"]
[WhiteElo "2635"]
[BlackElo "2278"]
[TimeControl "180+2"]
[EndTime "13:08:21 PDT"]
[Termination "PulpanJ won by checkmate"]

1. e4 e6 2. d4 d5 3. Nd2 a6 4. Bd3 c5 5. dxc5 Bxc5 6. Qe2 Ne7 7. Ngf3 Nbc6 8. c3 h6 9. O-O O-O 10. Rd1 Ba7 11. Nf1 Qc7 12. Be3 Bd7 13. Bxa7 Rxa7 14.
Ne3 Raa8 15. exd5 Nxd5 16. Nxd5 exd5 17. h3 Be6 18. Bc2 Rfe8 19. Qd3 g6 20. Nd4 Nxd4 21.
Qxd4 Rad8 22. Re1 b5 23. Re3 Qd6 24. Rd1 Rc8 25. Qf6 Qd8 26. Qf4 Kh7 27. h4 Rc4 28. Rd4 Qb8 29. Qf6 Qd8 30. Qf4 Qb8 31. Re5 Rxd4 32.
cxd4 Qc7 33. Bd3 Rc8 34. Kh2 Kg7 35. h5 g5 36. Qg3 Qd6 37. Rxg5+ hxg5 38. Qxd6 Rh8 39.
Qe5+ Kg8 40. Qxg5+ Kf8 41. h6 Rg8 42. Qd8# 1-0

[Event "*** Titled Tuesday Blitz"]
[Site "Chess.com"]
[Date "2019.06.04"]
[Round "1"]
[White "flubs"]
[Black "Cryptochess"]
[Result "0-1"]
[WhiteElo "2310"]
[BlackElo "2652"]
[TimeControl "180+2"]
[EndTime "13:08:22 PDT"]
[Termination "Cryptochess won by checkmate"]

1. c4 e6 2. g3 d5 3. Bg2 Nf6 4. Nf3 dxc4 5. Qa4+ c6 6. Qxc4 b5 7. Qc2 Bb7 8. d4 Nbd7 9. Bd2 c5 10. O-O Qb6 11. dxc5 Bxc5 12. Nc3 O-O 13. Rac1 Rac8 14. Qb3 a6 15. a4 b4 16. a5 Qxa5 17. Na4 Bd5 18.
Qd1 Ba7 19. Rxc8 Rxc8 20. b3 Ne4 21. h4 Ndf6 22. Ng5 Nxd2 23. Qxd2 Bxb3 24. Ra1 Bxa4 25. Bb7 Bxf2+ 26. Kxf2 Qb6+ 27. e3 Qxb7 28. Rxa4 h6 29. Rxb4 Qh1 30. Nf3 Rc1 31. Qe2 Kh7 32. Ra4 a5 33.
Qd3+ g6 34. Qe2 Kg7 35. Rd4 a4 36. Rxa4 e5 37. Nxe5 Qg1+ 38. Kf3 Rf1+ 39. Qxf1 Qxf1# 0-1

[Event "*** Titled Tuesday Blitz"]
[Site "Chess.com"]
[Date "2019.06.04"]
[Round "1"]
[White "Durarbayli"]
[Black "RojonR"]
[Result "1-0"]
[WhiteElo "2742"]
[BlackElo "2383"]
[TimeControl "180+2"]
[EndTime "13:08:25 PDT"]
[Termination "Durarbayli won by checkmate"]

1. d4 Nf6 2. c4 e5 3. dxe5 Ng4 4.
Bf4 Bb4+ 5. Nd2 Nc6 6. Nf3 Qe7 7.
a3 Ngxe5 8. Nxe5 Nxe5 9. e3 Bxd2+ 10. Qxd2 d6 11. Rc1 O-O 12. h3 Bf5 13. Be2 Rad8 14.
O-O Ng6 15. Bg3 Qg5 16. Kh2 h5 17. f4 Qh6 18. Bf3 h4 19. Bf2 c6 20. e4 Bc8 21.
Be3 f5 22. Rcd1 Ne7 23. Bxa7 Qg6 24. e5 d5 25. Kh1 Be6 26. Bc5 Rfe8 27. Qb4 Nc8 28.
Qxb7 dxc4 29. Qxc6 Qg3 30. Rxd8 Rxd8 31. Qxe6+ Kh8 32. Qxf5 c3 33. bxc3 Ne7 34. Bxe7 Rd2 35. Qh5+ Kg8 36. Qe8+ Kh7 37. Be4+ Kh6 38. Qh8# 1-0

[Event "*** Titled Tuesday Blitz"]
[Site "Chess.com"]
[Date "2019.06.04"]
[Round "1"]
[White "GremioPrudente"]
[Black "Ginger_GM"]
[Result "0-1"]
[WhiteElo "2121"]
[BlackElo "2547"]
[TimeControl "180+2"]
[EndTime "13:08:25 PDT"]
[Termination "Ginger_GM won on time"]

1. Nf3 f5 2. g3 Nf6 3. Bg2 d6 4. d4 e6 5. O-O Be7 6. Bg5 Ne4 7. Bxe7 Qxe7 8. Nfd2 Nxd2 9. Nxd2 O-O 10. c3 Nc6 11. Qb3 Kh8 12. Rae1 e5 13. dxe5 dxe5 14.
e3 a5 15. Rd1 a4 16. Qc2 Be6 17. b3 axb3 18. axb3 h5 19. Rfe1 h4 20. Ra1 Rad8 21. Rad1 e4 22. Bf1 Ne5 23. Nc4 Nf3+ 24. Kh1 Nxe1 25. Rxe1 hxg3 26. hxg3 Bxc4 27. Bxc4 Qd6 28. Kg2 g6 29. Rh1+ Kg7 30. Rh4 Qd2 31. Qb1 Rh8 32. Qh1 Qxc3 33. Rxh8 Rxh8 34. Qd1 Qe5 35. Qd7+ Kh6 36.
Qf7 Qg7 37. Qd5 c6 38. Qd6 Rf8 39. Be6 Rf6 0-1

[Event "*** Titled Tuesday Blitz"]
[Site "Chess.com"]
[Date "2019.06.04"]
[Round "1"]
[White "matiss90"]
[Black "sergoy"]
[Result "0-1"]
[WhiteElo "2437"]
[BlackElo "2831"]
[TimeControl "180+2"]
[EndTime "13:08:26 PDT"]
[Termination "sergoy won by resignation"]

1. e4 c5 2. Nf3 d6 3. d4 cxd4 4. Nxd4 Nf6 5. Nc3 a6 6. Bc4 e6 7. Bb3 Nbd7 8. Bg5 Nc5 9. f4 Be7 10. Qf3 O-O 11. O-O-O Qc7 12. g4 b5 13. Bxf6 Bxf6 14.
g5 Be7 15. f5 Bxg5+ 16. Kb1 Bf6 17. Rhg1 b4 18. fxe6 Nxb3 19. Nd5 Nxd4 20. Qxf6 Qxc2+ 21.
Ka1 Qxd1+ 22. Rxd1 Nc2+ 23. Kb1 gxf6 24. Rg1+ Kh8 25.
e7 Re8 26. Nxf6 Be6 27. h4 Ne3 28. h5 Ng4 29. Nxg4 Bxg4 30. Rxg4 Rxe7 31. Kc2 Rg8 32. Rf4 h6 33. Rf6 Re6 34. Rxf7 Rg7 35. Rf8+ Kh7 36. Kd3 Rge7 37. Rf4 Re5 38. Rf6 Rxh5 39.
Rxd6 Rg5 40. Rxa6 h5 41. Rb6 h4 42. Rxb4 h3 43. e5 Rh5 44. Kc3 h2 45. a3 h1=Q 46.
Kb3 Qd5+ 47. Kc2 Rh2+ 48. Kb1 Qxe5 49. Ka2 Qd5+ 0-1

[Event "*** Titled Tuesday Blitz"]
[Site "Chess.com"]
[Date "2019.06.04"]
[Round "1"]
[White "MaestroASK"]
[Black "mjray79"]
[Result "1-0"]
[WhiteElo "2552"]
[BlackElo "2113"]
[TimeControl "180+2"]
[EndTime "13:08:26 PDT"]
[Termination "MaestroASK won by resignation"]

1. d4 Nf6 2. Bg5 e6 3. e3 b6 4. Nd2 Bb7 5. Ngf3 Be7 6. Bd3 c5 7. c3 O-O 8. O-O d6 9. a3 Nbd7 10. Qe2 cxd4 11. cxd4 Rc8 12. Rac1 e5 13. Ba6 Bxa6 14.
Qxa6 h6 15. Bxf6 Bxf6 16. Ne4 Be7 17. Qxa7 d5 18. Nc3 e4 19. Nd2 Ra8 20. Qb7 Nf6 21. Ne2 Bd6 22. h3 Re8 23. Qc6 Re7 24. Qb5 Ra5 25. Qb3 Rb7 26. Rc6 Qd7 27. Rfc1 b5 28. Rc8+ Kh7 29. Qc3 b4 30. Qc6 bxa3 31. bxa3 Bxa3 32.
Qxd7 Rxd7 33. R1c2 Bd6 34. g3 Rda7 35. Kg2 Ra2 36.
g4 Bb4 37. Nf1 Rxc2 38. Rxc2 g5 39. Nfg3 Ra3 40. Rb2 Bc3 41. Rb6 Kg7 42. Nf5+ Kg6 43. Neg3 Ba5 44. Ne7+ Kg7 45. Ngf5+ Kf8 46. Rxf6 Bd8 47.
Rxh6 Bxe7 1-0

[Event "*** Titled Tuesday Blitz"]
[Site "Chess.com"]
[Date "2019.06.04"]
[Round "1"]
[White "Makalexa"]
[Black "FedaMaster"]
[Result "0-1"]
[WhiteElo "2164"]
[BlackElo "2559"]
[TimeControl "180+2"]
[EndTime "13:08:27 PDT"]
[Termination "FedaMaster won by resignation"]

1. e4 c5 2. Nf3 d6 3. d4 cxd4 4. Nxd4 Nf6 5. Nc3 g6 6. f3 Bg7 7. Be3 Nc6 8. Qd2 O-O 9. O-O-O d5 10. exd5 Nxd5 11. Nxc6 bxc6 12. Nxd5 cxd5 13. Qxd5 Qc7 14. Bd3 Rb8 15. b3 Qc3 16. Qc4 Qb2+ 17. Kd2 Be6 18. Qa4 Rfd8 19. Ke2 Rbc8 20. Rhe1 Rxc2+ 21. Bxc2 Qxc2+ 22. Rd2 Rxd2+ 23. Bxd2 Bc3 24. Qe8+ Kg7 25.
Rd1 Qxa2 26. Qxe7 Bxb3 27. Ke3 Bf6 28. Bc3 Bxc3 29. Rd3 Bf6 30. Qd7 Be6 31. Qb5 Bc4 32.
Qb8 Bxd3 33. Kxd3 Qxg2 34. Qxa7 Qxf3+ 35. Kc2 Qe4+ 36. Kd1 Qd4+ 0-1

[Event "*** Titled Tuesday Blitz"]
[Site "Chess.com"]
[Date "2019.06.04"]
[Round "1"]
[White "Zq1"]
[Black "FairChess_on_YouTube"]
[Result "0-1"]
[WhiteElo "2501"]
[BlackElo "3067"]
[TimeControl "180+2"]
[EndTime "13:08:28 PDT"]
[Termination "FairChess_on_YouTube won by resignation"]

1. d4 Nf6 2. c4 e6 3. Nc3 Bb4 4. e3 O-O 5. Bd3 d5 6. cxd5 exd5 7. Ne2 Re8 8. O-O a6 9. Bd2 Bd6 10. h3 Nc6 11. a3 Ne7 12. b4 Bf5 13. Qc2 Qd7 14.
Bxf5 Nxf5 15. Qd3 Re7 16. Rab1 b5 17. Rbe1 Rae8 18. Nc1 c6 19. Nb3 Bb8 20. Nc5 Qd6 21. f4 Ng3 22. Rf2 Ba7 23. Kh2 Nge4 24. N3xe4 Nxe4 25. Nxe4 Rxe4 26. Rc1 g5 27. Rf3 R8e6 28. Rg3 Rg6 29.
Rf1 gxf4 30. Rxf4 Bb8 31. Be1 Rxf4 32. Rxg6+ Qxg6 33. Qxg6+ fxg6 34. exf4 Bxf4+ 35. g3 Bc1 36. Bc3 Bxa3 37. Kg2 Bc1 38. Kf3 Kf7 39. h4 h5 40. g4 Ke6 41. Kg3 Bh6 42. g5 Bf8 43. Kf4 Bd6+ 44. Kf3 Kf5 45. Bd2 Be7 46. Bc3 Bd8 47.
Bd2 Bc7 48. Bc3 Bb6 49. Bb2 a5 0-1

[Event "*** Titled Tuesday Blitz"]
[Site "Chess.com"]
[Date "2019.06.04"]
[Round "1"]
[White "Vamostodorecto"]
[Black "Dr-Bassem"]
[Result "0-1"]
[WhiteElo "2438"]
[BlackElo "2836"]
[TimeControl "180+2"]
[EndTime "13:08:28 PDT"]
[Termination "Dr-Bassem won by checkmate"]

1. d4 Nf6 2. c4 e6 3. Nc3 Bb4 4.
e3 b6 5. Bd3 Bb7 6. Nf3 Ne4 7.
Qc2 f5 8. O-O Bxc3 9. bxc3 O-O 10. Nd2 Qh4 11. f3 Nxd2 12. Bxd2 Nc6 13. e4 fxe4 14.
Bxe4 Na5 15. Bxb7 Nxb7 16. Be1 Qh5 17. Bg3 c5 18. Rfe1 Na5 19. Re5 Rf5 20. Qe4 Raf8 21. dxc5 bxc5 22. Rd1 Rxe5 23. Bxe5 Nc6 24. Bg3 Rf7 25. Rb1 Qg5 26. Qd3 h5 27. Bd6 h4 28.
h3 Rf6 29. Kh2 Rg6 30. Rb2 e5 31. Qd5+ Kh7 32. Bxc5 Qg3+ 33. Kh1 Qe1+ 34. Kh2 Qxc3 35. Rd2 Nd4 36. Bxd4 Qxd2 37. Bxe5 Qxg2# 0-1

[Event "*** Titled Tuesday Blitz"]
[Site "Chess.com"]
[Date "2019.06.04"]
[Round "1"]
[White "VladDobrov"]
[Black "adriangschnitzer"]
[Result "0-1"]
[WhiteElo "2828"]
[BlackElo "2459"]
[TimeControl "180+2"]
[EndTime "13:08:29 PDT"]
[Termination "adriangschnitzer won by resignation"]

1. d4 Nf6 2. c4 c5 3. d5 b5 4. Qc2 b4 5. e4 d6 6. f4 g6 7. Nf3 Bg7 8. Bd3 O-O 9. O-O Nbd7 10. h3 e5 11. fxe5 Nxe5 12. Nxe5 dxe5 13. Bg5 Qd6 14. a3 Nd7 15. Be3 bxa3 16. Nxa3 a6 17. Nb5 Qb6 18.
Nc3 Rb8 19. b4 Qc7 20. b5 axb5 21. Nxb5 Qb6 22. Rfb1 Qd8 23. Na7 Rxb1+ 24. Rxb1 Qc7 25. Nb5 Qa5 26. Kh2 Ba6 27. Bd2 Qb6 28. Qa4 Ra8 29.
Ba5 Bb7 30. Bxb6 Rxa4 31. Bc7 Ba6 32. Rb3 Bf8 33. d6 Bxb5 34. Rxb5 Ra6 35. Be2 Bxd6 36. Bd8 f5 37. exf5 gxf5 38. g4 e4+ 39. Kg1 f4 40. Rb1 f3 41. Bd1 Ra2 42. Kf1 Rh2 43. Rb7 Bg3 0-1

[Event "*** Titled Tuesday Blitz"]
[Site "Chess.com"]
[Date "2019.06.04"]
[Round "1"]
[White "MishkaFighter"]
[Black "pultineviciuspaulius"]
[Result "0-1"]
[WhiteElo "2363"]
[BlackElo "2718"]
[TimeControl "180+2"]
[EndTime "13:08:29 PDT"]
[Termination "pultineviciuspaulius won on time"]

1. Nf3 Nf6 2. g3 g6 3. Bg2 Bg7 4. O-O O-O 5. c4 c6 6. d4 d5 7. cxd5 cxd5 8. Ne5 e6 9. Nc3 Nfd7 10. Nf3 Nf6 11.
Ne5 Nfd7 12. Nf3 Nc6 13. Bf4 Nf6 14. Rc1 Qb6 15. Na4 Qa5 16. a3 Ne4 17. b4 Qd8 18.
Nc5 Nd6 19. Qd3 Nc4 20. e4 b5 21. Rfe1 a5 22. exd5 exd5 23. Ne5 N6xe5 24. dxe5 Be6 25. Nb7 Qb6 26. Nxa5 Nxa5 27. bxa5 Qxa5 28. Red1 Rfd8 29. Bg5 Rd7 30. Bf6 Bf8 31. h4 Re8 32. h5 Bf5 33.
Qc3 Qxa3 34. Qc6 Be6 0-1

[Event "*** Titled Tuesday Blitz"]
[Site "Chess.com"]
[Date "2019.06.04"]
[Round "1"]
[White "el-reptiliano"]
[Black "2nd_life"]
[Result "0-1"]
[WhiteElo "2178"]
[BlackElo "2561"]
[TimeControl "180+2"]
[EndTime "13:08:30 PDT"]
[Termination "2nd_life won by resignation"]

1. Nf3 Nf6 2. c4 g6 3. Nc3 Bg7 4. e4 O-O 5. d4 d6 6. h3 e5 7. d5 Na6 8. Be3 Nc5 9. Nd2 a5 10. g4 c6 11. Qc2 Bd7 12. Be2 a4 13. g5 Nh5 14. Bxh5 gxh5 15. b4 axb3 16. Nxb3 Nxb3 17. Qxb3 c5 18. Ke2 Qc8 19. Nb5 Ra6 20. Bd2 f5 21. gxf6 Rxf6 22. Rag1 Rg6 23. Rxg6 hxg6 24. Qg3 Be8 25. a4 Qd7 26. a5 Kh7 27. h4 Qf7 28.
Rg1 Bd7 29. f3 Be8 30. Qe1 Qe7 31. Bg5 Qd7 32. Qd2 b6 33. axb6 Rxb6 34. Qa2 Qb7 35.
Ra1 Bxb5 36. cxb5 Rxb5 37. Qa7 Rb2+ 38. Kf1 Qb5+ 39. Kg1 Qe2 0-1

[Event "*** Titled Tuesday Blitz"]
[Site "Chess.com"]
[Date "2019.06.04"]
[Round "1"]
[White "Alopekos"]
[Black "joppie2"]
[Result "0-1"]
[WhiteElo "2479"]
[BlackElo "2899"]
[TimeControl "180+2"]
[EndTime "13:08:33 PDT"]
[Termination "joppie2 won by resignation"]

1. e4 c5 2. Nf3 e6 3. d4 cxd4 4. Nxd4 a6 5. Nc3 b5 6. Bd3 Bb7 7. O-O Nc6 8. Nxc6 Bxc6 9. Re1 d6 10. a4 Rb8 11. axb5 axb5 12. Ra6 Qc8 13. Rxc6 Qxc6 14. Qe2 b4 15. Bb5 Rxb5 16. Qxb5 Qxb5 17. Nxb5 Nf6 18.
Bd2 d5 19. Ra1 Kd7 20. Ra8 Kc6 21. Bxb4 Kxb5 22. Rxf8 Rxf8 23. Bxf8 g6 24. exd5 Nxd5 25. Kf1 e5 26. Ke2 e4 27. g3 f5 28. b3 Nc3+ 29. Kd2 Nb1+ 30. Ke3 Nc3 31. Kd4 Nd1 32. c4+ Kb6 33. b4 Nxf2 34. c5+ Kb5 35. Bh6 Ng4 36. Bd2 Nxh2 37. Kd5 Nf1 38. c6 e3 39. Be1 Kb6 40. Kd6 Nd2 41. c7 Nc4+ 42. Kd5 Kb5 43. Kd4 Nd6 44. Kxe3 Kc6 45. Bc3 Kxc7 46. Be5 Kd7 47. Bxd6 Kxd6 48. Kf4 h6 49. b5 Ke6 50. b6 g5+ 51.
Ke3 Kd6 52. Kd4 h5 0-1